 Dungeon Crawl Stone Soup version 0.20.0-7-g3b7b877 (webtiles) character file.

299225 Jerry the Executioner (level 20, -5/289 HPs)
             Began as a Hill Orc Fighter on May 28, 2017.
             Was the Champion of Okawaru.
             Slain by Jory
             ... wielding a +4 battleaxe of chopping
              (25 damage)
             ... on level 2 of the Vaults on May 29, 2017.
             The game lasted 02:23:36 (39821 turns).

Jerry the Executioner (Hill Orc Fighter)           Turns: 39821, Time: 02:23:36

Health: -5/289     AC: 41    Str: 31    XL:     20   Next: 98%
Magic:  22/28      EV: 30    Int: 10    God:    Okawaru [******]
Gold:   2720       SH:  2    Dex: 23    Spells: 8/19 levels left

rFire    + . .     SeeInvis .   q - +5 battleaxe "Lyallithu" {elec, rF+ Int+3}
rCold    + + .     Gourm    .   (shield currently unavailable)
rNeg     . . .     Faith    .   Y - +10 ice dragon scales of Bifuqec {rF- rC++ Regen+}
rPois    +         Spirit   .   P - +2 hat
rElec    .         Reflect  +   a - +1 cloak {MR+}
rCorr    .         Harm     .   M - +1 pair of gloves of Lesser Demons {rPois Int+2}
MR       ++++.                  y - +3 pair of boots of Okawaru's Supremacy {MR+ Dex+6}
Stlth    ..........             d - +2 amulet of reflection
Regen    1.0/turn               B - ring "Ikki" {+Fly rF+ MR+ Int-4 Dex+6}
MPRegen  0.3/turn               J - ring of Phasing {EV+8}

@: berserking, heroism, very quick
A: no striking features
}: 2/15 runes: barnacled, gossamer
a: Heroism, Finesse, Renounce Religion, Evoke Flight


You were on level 2 of the Vaults.
You worshipped Okawaru.
Okawaru was exalted by your worship.
You were not hungry.

You visited 7 branches of the dungeon, and saw 34 of its levels.
You visited the Abyss 1 time.
You also visited: Labyrinth, Ice Cave and Desolation.

You collected 3568 gold pieces.
You spent 848 gold pieces at shops.

Inventory:

Hand Weapons
 q - the +5 battleaxe "Lyallithu" (weapon) {elec, rF+ Int+3}
   (Okawaru gifted it to you on level 4 of the Lair of Beasts)

   Occasionally, upon striking a foe, it will discharge some electrical energy
   and cause terrible harm.
   It affects your intelligence (+3).
   It protects you from fire.
 s - a +3 broad axe
Armour
 a - a +1 cloak of magic resistance (worn)
 y - the +3 pair of boots of Okawaru's Supremacy (worn) {MR+ Dex+6}
   (Okawaru gifted it to you on level 4 of the Shoals)

   It affects your dexterity (+6).
   It affects your resistance to hostile enchantments.
 M - the +1 pair of gloves of Lesser Demons (worn) {rPois Int+2}
   (You bought it in a shop on level 1 of the Shoals)

   It affects your intelligence (+2).
   It protects you from poison.
 P - a +2 hat (worn)
 Y - the +10 ice dragon scales of Bifuqec (worn) {rF- rC++ Regen+}
   (You found it in an ice cave)

   It makes you vulnerable to fire.
   It greatly protects you from cold.
   It increases your rate of regeneration.
Jewellery
 d - a +2 amulet of reflection (around neck)
 B - the ring "Ikki" (left hand) {+Fly rF+ MR+ Int-4 Dex+6}
   (You took it off a merfolk javelineer on level 4 of the Shoals)

   [ring of flight]

   It affects your intelligence (-4).
   It affects your dexterity (+6).
   It protects you from fire.
   It affects your resistance to hostile enchantments.
   It lets you fly.
 J - the ring of Phasing (right hand) {EV+8}
   (You found it in a labyrinth)

   [ring of evasion]

   It affects your evasion (+8).
 U - an uncursed ring of see invisible
Wands
 m - a wand of flame (35/48)
 O - a wand of digging (15/24)
Scrolls
 b - 2 scrolls of summoning
 e - 6 scrolls of teleportation
 h - a scroll of identify
 l - 16 scrolls of remove curse
 t - 3 scrolls of enchant armour
 w - 6 scrolls of amnesia
 A - 4 scrolls of enchant weapon
 D - 4 scrolls of magic mapping
 F - 3 scrolls of recharging
 I - 3 scrolls of fog
 K - 4 scrolls of immolation
 N - 3 scrolls of holy word
 X - a scroll of brand weapon
 Z - a scroll of blinking
Potions
 c - 3 potions of flight
 i - 12 potions of ambrosia
 j - 4 potions of haste
 k - 3 potions of cancellation
 o - a potion of berserk rage
 r - 4 potions of resistance
 u - 7 potions of heal wounds
 v - 3 potions of invisibility
 x - 13 potions of curing
 E - a potion of might
 R - 4 potions of agility
 S - 2 potions of degeneration {unknown}
 T - 6 potions of lignification {unknown}
 V - 7 potions of mutation {unknown}
Comestibles
 f - 24 bread rations
 g - 6 chunks of flesh
 n - 12 meat rations
 p - 22 royal jellies
 C - 6 fruits


   Skills:
 + Level 19.8(24.8) Fighting
 - Level 24.6(27) Axes
 + Level 18.2(23.2) Armour
 + Level 8.0(13.0) Dodging
   Level 14.3(19.3) Shields
 + Level 5.1 Translocations
 + Level 10.8 Invocations


You had 8 spell levels left.
You knew the following spells:

 Your Spells              Type           Power        Failure   Level  Hunger
a - Apportation           Tloc           ##....       7%          1    ##.....
b - Lesser Beckoning      Tloc           ##........   22%         3    ####...
c - Statue Form           Tmut/Erth      #........    100%        6    #######
d - Animate Skeleton      Necr           N/A          50%         1    ##.....


Dungeon Overview and Level Annotations

Branches:
Dungeon (15/15)            Temple (1/1) D:6            Lair (6/6) D:11
 Shoals (4/4) Lair:4       Spider (4/4) Lair:3        Slime (0/5) Lair:5
    Orc (2/2) D:12            Elf (0/3) Orc:2        Vaults (2/5) D:13
 Depths (0/5) D:15
  Crypt: Vaults:2-3

Altars:
Ashenzari
Cheibriados
Dithmenos
Elyvilon
Fedhas
Gozag
Hepliaklqana
Kikubaaqudgha
Makhleb
Nemelex Xobeh
Okawaru
Qazlal
Ru
Sif Muna
Trog
Uskayaw
Vehumet
Xom
Yredelemnul
Zin
The Shining One
Beogh
Jiyva

Shops:
D:5 [   D:6 %   D:7 (   D:9 [:   Orc:2 ?!:(   Shoals:1 %([

Annotations:
Vaults:2 Jory


Message History

Jory closely misses you.
You barely miss Jory. You hit Jory but do no damage.
Lightning courses through Jory!
Jory is lightly damaged.
Jory points at you and mumbles some strange words.
The crystal spear hits you!
* * * LOW HITPOINT WARNING * * *
A red film seems to cover your vision as you go berserk!
Your finesse ends abruptly.
You feel yourself moving faster!
You feel mighty! Jory misses you. x2
You slice Jory!!
Jory is moderately damaged.
You barely miss Jory.
Jory is moderately damaged.
You slice Jory!!
Jory is heavily damaged.
You slash Jory!
Jory is heavily damaged.
Jory hits you with a battleaxe of chopping!!
You die...

#... ...# #...
...# #... ...#
#...
+#########...###+
####...
.................
.......
...........?..#
#....
..........V...#
#....
.........@....#
+....
..............#
#....
..............#
#....
..............#
#.))†
..............#
#.)..
##+#######....#
#.... #....#
#.... #....#
#.... #....#
#....


You could see Jory.

Vanquished Creatures
  Rupert (D:15)
  2 tentacled starspawn (Abyss:1)
  Polyphemus (Shoals:2)
  A sphinx (Vaults:1)
  The ghost of Angani the Whirler, an adept HaIE of Dithmenos (Shoals:3)
  A tengu reaver (Vaults:2)
  Agnes (D:14)
  The ghost of Shimatora the Severer, an adept HOFi of Makhleb (Shoals:4)
  Roxanne (Shoals:2)
  Ilsuiw (Shoals:3)
  A fire giant (Vaults:1)
  Louise (D:15)
  9 vault wardens
  3 imperial myrmidons (Desolation)
  4 ghost moths (Spider:4)
  3 emperor scorpions
  A war gargoyle (Vaults:2)
  2 stone giants (Vaults:2)
  An ironheart preserver (Vaults:2)
  A very ugly thing (Abyss:1)
  3 entropy weavers
  A purple draconian (Abyss:1)
  A deep elf demonologist (Abyss:1)
  2 spark wasps (Spider:4)
  2 halazid warlocks (Desolation)
  A fire dragon (Vaults:1)
  A minotaur (Lab)
  A blizzard demon (Abyss:1)
  7 merfolk javelineers
  7 merfolk impalers
  Josephine (D:14)
  2 crystal guardians (Desolation)
  A deep elf high priest (Orc:2)
  3 vault guards (Vaults:1)
  6 yaktaur captains
  The ghost of kusayu the Martial Artist, a journeyman OpFi of Gozag (Lair:2)
  A great orb of eyes (Vaults:1)
  11 servants of whispers (Desolation)
  6 ragged hierophants (Desolation)
  7 hydras
  The ghost of monokles the Fighter, a journeyman DsMo of Hepliaklqana (Lair:1)
  Erolcha (Orc:2)
  3 merfolk avatars (Shoals:4)
  5 centaur warriors
  5 catoblepae
  3 peacekeepers (Desolation)
  2 alligator snapping turtles
  2 merfolk aquamancers (Shoals:4)
  14 two-headed ogres
  6 satyrs (Shoals:4)
  2 death knights (Vaults:1)
  4 ogre magi
  12 death yaks
  An orc high priest (Orc:1)
  Sonja (D:12)
  3 deep elf knights
  A sixfirhy (Abyss:1)
  Nergalle (Orc:2)
  9 sea snakes
  2 skeletal warriors (Vaults:1)
  12 wizards
  7 unseen horrors
  13 ironbrand convokers
  A lindwurm (shapeshifter) (D:15)
  A deep elf archer (Vaults:1)
  16 deep elf magi
  5 orc knights
  A phantasmal warrior (Vaults:1)
  15 orb spiders
  5 harpies
  4 oklob plants (Lair:5)
  30 wolf spiders
  10 orc sorcerers
  11 fauns
  3 cyclopes
  8 manticores
  35 ugly things
  2 moths of wrath
  3 black mambas
  5 vault sentinels
  2 merfolk sirens
  9 water nymphs
  3 ice statues (IceCv)
  An orange demon (Abyss:1)
  A black mamba (shapeshifter) (D:15)
  2 torpor snails
  9 spiny frogs
  A molten gargoyle (Desolation)
  7 guardian serpents
  33 yaktaurs
  7 komodo dragons
  A yaktaur (shapeshifter) (Vaults:2)
  A kobold demonologist (D:14)
  4 rime drakes
  3 efreet
  A redback zombie (D:12)
  10 demonic crawlers
  5 freezing wraiths
  25 merfolk
  2 tengu conjurers (D:15)
  A merfolk (shapeshifter) (Vaults:1)
  12 hornets
  A queen bee (Lair:3)
  43 jumping spiders
  7 polar bears
  An ancient zyme (Abyss:1)
  2 wind drakes (Shoals:1)
  6 meliai (Spider:3)
  9 trolls
  54 saltlings (Desolation)
  11 slime creatures
  28 blink frogs
  8 dream sheep
  13 snapping turtles
  A meliai zombie (D:14)
  2 raiju (Abyss:1)
  2 large abominations (Abyss:1)
  8 hippogriffs
  A shadow (D:11)
  70 redbacks
  A spriggan (shapeshifter) (D:13)
  36 tarantellas
  2 wyverns
  45 yaks
  A tarantella (shapeshifter) (Vaults:1)
  8 wraiths
  A yak (shapeshifter) (D:15)
  4 hungry ghosts
  A neqoxec (Abyss:1)
  2 water elementals
  8 vampire mosquitoes
  4 basilisks
  A steam dragon (D:11)
  4 wargs
  A harpy simulacrum (D:14)
  Edmund (D:4)
  2 acid dragons (Vaults:1)
  A soldier ant (D:12)
  3 porcupines
  5 water moccasins
  2 hell hounds (D:11)
  20 orc warriors
  3 sky beasts
  8 ice beasts
  4 black bears
  23 ogres
  2 eyes of draining
  A phantom (D:9)
  A sky beast (shapeshifter) (Vaults:1)
  2 necrophages
  5 boggarts
  17 centaurs
  13 wolves
  A snapping turtle skeleton (Abyss:1)
  8 crocodiles
  4 big kobolds
  Blork the orc (D:4)
  20 bullfrogs
  A water moccasin skeleton (D:7)
  5 scorpions
  44 killer bees
  3 howler monkeys
  13 wights
  6 crimson imps
  12 centaur zombies
  4 lava snakes (Lab)
  A bullfrog zombie (D:10)
  8 hounds
  11 jellies
  2 quasits
  6 bullfrog skeletons
  15 orc priests
  26 orc wizards
  Jessica (D:3)
  3 gnoll shamans
  5 centaur skeletons
  Natasha (D:2)
  2 iguanas
  13 worker ants
  2 small abominations (Abyss:1)
  A hound zombie (D:7)
  Robin (D:2)
  67 gnolls
  10 adders
  4 shadow imps
  An ufetubus (Abyss:1)
  An ooze (D:2)
  An adder skeleton (D:10)
  An adder zombie (D:6)
  9 worms
  A dart slug (D:2)
  6 leopard geckos
  60 orcs
  2 ball pythons
  4 bats
  7 giant cockroaches
  21 goblins
  13 hobgoblins
  23 jackals
  17 kobolds
  3 quokkas
  4 frilled lizards
  7 rats
  3 fungi
  14 pillars of salt (Vaults:1)
  19 plants
  A starspawn tentacle (Abyss:1)
1525 creatures vanquished.

Vanquished Creatures (others)
  A tarantella (Spider:1)
  A soldier ant (shapeshifter) (Vaults:1)
  A boggart (Vaults:1)
  A human (D:2)
  An orc wizard (Orc:2)
  3 fungi
  57 plants
  7 starspawn tentacles (Abyss:1)
72 creatures vanquished.

Grand Total: 1597 creatures vanquished

Notes
Turn   | Place    | Note
-------+----------+-------------------------------------------
     0 | D:1      | Jerry the Hill Orc Fighter began the quest for the Orb.
     0 | D:1      | Reached XP level 1. HP: 19/19 MP: 1/1
    99 | D:1      | Reached XP level 2. HP: 27/27 MP: 2/2
   289 | D:1      | Reached skill level 3 in Axes
   754 | D:1      | Reached XP level 3. HP: 33/33 MP: 3/3
   885 | D:2      | Found a basalt altar of Yredelemnul.
   885 | D:2      | Found a sparkling altar of Nemelex Xobeh.
   885 | D:2      | Found a shattered altar of Ashenzari.
   886 | D:2      | Found a shimmering altar of Xom.
   886 | D:2      | Found a radiant altar of Vehumet.
   887 | D:2      | Found a glowing silver altar of Zin.
   887 | D:2      | Found a hazy altar of Hepliaklqana.
   888 | D:2      | Found a deep blue altar of Sif Muna.
   898 | D:2      | Noticed Robin
   902 | D:2      | Reached skill level 4 in Axes
   938 | D:2      | Killed Robin
   938 | D:2      | Reached XP level 4. HP: 21/40 MP: 4/4
  1245 | D:2      | Found an ancient bone altar of Kikubaaqudgha.
  1246 | D:2      | Noticed a human
  1250 | D:2      | Killed a human
  1611 | D:2      | Noticed Natasha
  1621 | D:2      | Killed Natasha
  1621 | D:2      | Reached skill level 5 in Axes
  1759 | D:2      | Found a faded altar of an unknown god.
  1894 | D:2      | Reached XP level 5. HP: 45/47 MP: 5/5
  2238 | D:3      | Reached skill level 5 in Fighting
  2567 | D:3      | Noticed Jessica
  2574 | D:3      | Killed Jessica
  3064 | D:3      | Reached XP level 6. HP: 56/56 MP: 6/6
  3598 | D:4      | Reached skill level 6 in Axes
  4236 | D:4      | Noticed Blork the orc
  4250 | D:4      | Killed Blork the orc
  4250 | D:4      | Reached skill level 7 in Axes
  4250 | D:4      | Reached XP level 7. HP: 60/62 MP: 7/7
  4285 | D:4      | Reached skill level 5 in Armour
  4545 | D:4      | Noticed Edmund
  4553 | D:4      | Killed Edmund
  4647 | D:4      | Reached skill level 8 in Axes
  4749 | D:4      | Reached XP level 8. HP: 65/71 MP: 8/8
  5097 | D:4      | Reached skill level 9 in Axes
  5657 | D:4      | Noticed a troll
  6208 | D:5      | Entered Level 5 of the Dungeon
  6663 | D:5      | Found a burning altar of Makhleb.
  6855 | D:5      | Reached skill level 10 in Axes
  6895 | D:5      | Found Qishaq Duulu's Antique Armour Boutique.
  6898 | D:5      | Bought a warped cloak for 218 gold pieces
  6904 | D:5      | Identified the cursed +0 cloak "Sama" {*Slow rF+ Dex+5} (You bought it in a shop on level 5 of the Dungeon)
  6923 | D:5      | Reached XP level 9. HP: 81/81 MP: 9/9
  7200 | D:6      | Noticed a two-headed ogre
  7209 | D:6      | Killed a two-headed ogre
  7209 | D:6      | Reached skill level 11 in Axes
  7522 | D:6      | Found a staircase to the Ecumenical Temple.
  7528 | Temple   | Entered the Ecumenical Temple
  7919 | D:6      | Found an iron altar of Okawaru.
  7951 | D:6      | Became a worshipper of Warmaster Okawaru
  8146 | D:6      | Found Bewed's Food Boutique.
  8200 | D:6      | Reached skill level 1 in Invocations
  8413 | D:7      | Reached skill level 12 in Axes
  8817 | D:7      | Reached XP level 10. HP: 78/91 MP: 12/12
  8875 | D:7      | Found Fuegh's Antique Weapon Emporium.
  8905 | D:7      | Reached * piety under Okawaru
  9463 | D:8      | You fall through a shaft for 2 floors!
  9463 | D:10     | Entered Level 10 of the Dungeon
  9505 | D:10     | Noticed a two-headed ogre
  9558 | D:9      | Reached ** piety under Okawaru
  9566 | D:9      | Reached skill level 13 in Axes
  9625 | D:9      | Found Vofe's Book Shop.
  9698 | D:9      | Found an opulent altar of Gozag.
  9708 | D:9      | Reached skill level 5 in Invocations
 10469 | D:8      | Reached *** piety under Okawaru
 10484 | D:8      | Reached skill level 10 in Fighting
 10657 | D:8      | Found a viscous altar of Jiyva.
 10912 | D:9      | Reached XP level 11. HP: 89/99 MP: 15/15
 11027 | D:9      | Reached skill level 14 in Axes
 11063 | D:9      | Found Boneomp's Antique Armour Shop.
 11166 | D:9      | Reached **** piety under Okawaru
 11383 | D:10     | Killed a two-headed ogre
 11512 | D:10     | Killed an unseen horror
 11680 | D:10     | Killed an unseen horror
 11754 | D:10     | Reached ***** piety under Okawaru
 11923 | D:10     | Killed an unseen horror
 12011 | D:10     | Reached skill level 10 in Armour
 12186 | D:11     | Noticed a green ugly thing
 12200 | D:11     | Killed a green ugly thing
 12333 | D:11     | Got a jewelled war axe
 12334 | D:11     | Identified the +8 war axe of the Curious Lovers {elec, *Rage +Inv rF+ rN++} (You found it on level 11 of the Dungeon)
 12548 | D:11     | Found a staircase to the Lair.
 12549 | D:11     | Noticed a two-headed ogre
 12562 | D:11     | Reached skill level 15 in Axes
 12568 | D:11     | Killed a two-headed ogre
 12755 | D:11     | Reached skill level 5 in Shields
 12878 | D:11     | Noticed a two-headed ogre
 12886 | D:11     | Killed a two-headed ogre
 12886 | D:11     | Received a gift from Okawaru
 12886 | D:11     | Reached XP level 12. HP: 92/110 MP: 17/17
 12889 | D:11     | Got a bloodstained scale mail {god gift}
 12890 | D:11     | Identified the +2 scale mail of the Queen {-Tele Int-3 Dex+9 Stlth+} (Okawaru gifted it to you on level 11 of the Dungeon)
 13151 | D:12     | Found a staircase to the Orcish Mines.
 13174 | D:12     | Noticed an ogre mage
 13176 | D:12     | Noticed a two-headed ogre
 13176 | D:12     | Noticed a two-headed ogre
 13186 | D:12     | Noticed a two-headed ogre
 13186 | D:12     | Killed a two-headed ogre
 13197 | D:12     | Killed a two-headed ogre
 13202 | D:12     | Killed a two-headed ogre
 13204 | D:12     | Killed an ogre mage
 13204 | D:12     | Reached skill level 16 in Axes
 13556 | D:12     | Noticed Sonja
 13569 | D:12     | Killed Sonja
 14043 | D:12     | Paralysed by a hornet for 1 turns
 14448 | D:12     | Noticed a seven-headed hydra
 14455 | D:12     | Killed a ten-headed hydra
 14455 | D:12     | Received a gift from Okawaru
 14576 | D:13     | Noticed a two-headed ogre
 14591 | D:13     | Killed a two-headed ogre
 14591 | D:13     | Reached skill level 17 in Axes
 14596 | D:13     | Reached XP level 13. HP: 119/119 MP: 16/18
 15420 | D:13     | Noticed an ogre mage
 15444 | D:13     | Killed an ogre mage
 15525 | D:13     | Found a gate to the Vaults.
 15609 | D:13     | Reached skill level 18 in Axes
 15671 | Lair:1   | Entered Level 1 of the Lair of Beasts
 15709 | Lair:1   | Found a bloodstained altar of Trog.
 15750 | Lair:1   | Found a frozen archway.
 15757 | IceCv    | Entered an ice cave
 16498 | IceCv    | Got ichor-stained ice dragon scales
 16499 | IceCv    | Identified the +10 ice dragon scales of Bifuqec {rF- rC++ Regen+} (You found it in an ice cave)
 16619 | Lair:1   | Noticed monokles's ghost (journeyman DsMo)
 16636 | Lair:1   | Killed monokles's ghost
 16745 | Lair:1   | Received a gift from Okawaru
 17121 | Lair:2   | Noticed kusayu's ghost (journeyman OpFi)
 17132 | Lair:2   | Killed kusayu's ghost
 17547 | Lair:2   | Reached XP level 14. HP: 129/129 MP: 19/19
 18200 | Lair:3   | Found a hole to the Spider Nest.
 19222 | Lair:4   | Reached skill level 19 in Axes
 19343 | Lair:4   | Found a labyrinth entrance.
 19355 | Lab      | Entered a labyrinth
 19399 | Lab      | Found an exit through the horrors of the Abyss.
 19588 | Lab      | Got a twisted battleaxe
 19589 | Lab      | Identified the Papyrus of Venom
 19594 | Lab      | Identified the +1 battleaxe "Votagoubb" {pain, +Rage Int+5 SInv Stlth-} (You found it in a labyrinth)
 19745 | Lair:4   | Received a gift from Okawaru
 19751 | Lair:4   | Got a shimmering battleaxe {god gift}
 19752 | Lair:4   | Identified the +5 battleaxe "Lyallithu" {elec, rF+ Int+3} (Okawaru gifted it to you on level 4 of the Lair of Beasts)
 19964 | Lair:4   | Found a staircase to the Shoals.
 20639 | Lair:5   | Reached skill level 10 in Shields
 20780 | Lair:5   | Reached ****** piety under Okawaru
 21055 | Lair:5   | Found a viscous altar of Jiyva.
 21056 | Lair:5   | Found a staircase to the Slime Pits.
 21428 | Lair:5   | Reached skill level 20 in Axes
 21428 | Lair:5   | Reached XP level 15. HP: 113/138 MP: 20/20
 21914 | Lair:6   | Entered Level 6 of the Lair of Beasts
 21929 | Lair:6   | Received a gift from Okawaru
 22626 | Lair:6   | Received a gift from Okawaru
 23060 | Orc:1    | Entered Level 1 of the Orcish Mines
 23227 | Orc:2    | Entered Level 2 of the Orcish Mines
 23420 | Orc:2    | Found a staircase to the Elven Halls.
 23493 | Orc:2    | Reached skill level 21 in Axes
 23530 | Orc:1    | Received a gift from Okawaru
 23533 | Orc:1    | Got a pair of transparent gloves {god gift}
 23534 | Orc:1    | Identified the +1 pair of gloves of Xydevaust {rN+++ Dex+5 Slay-5} (Okawaru gifted it to you on level 1 of the Orcish Mines)
 23749 | Orc:1    | You are sucked into a shaft!
 23919 | Orc:2    | Found Viq Umog's Magic Scroll Shop.
 23926 | Orc:2    | Reached skill level 15 in Fighting
 23939 | Orc:2    | Found a radiant altar of Vehumet.
 23940 | Orc:2    | Noticed Erolcha
 23958 | Orc:2    | Found Duffal's Distillery.
 23961 | Orc:2    | Noticed Nergalle
 23967 | Orc:2    | Cast into level 1 of the Abyss (Erolcha)
 24098 | Abyss:1  | Noticed a tentacled starspawn
 24121 | Abyss:1  | Killed a tentacled starspawn
 24184 | Abyss:1  | Noticed a tentacled starspawn
 24191 | Abyss:1  | Killed a tentacled starspawn
 24191 | Abyss:1  | Reached XP level 16. HP: 144/149 MP: 21/21
 24445 | Orc:2    | Escaped the Abyss
 24452 | Orc:2    | Killed Erolcha
 24457 | Orc:2    | Killed Nergalle
 24512 | Orc:2    | Bought a scroll of identify for 28 gold pieces
 24522 | Orc:2    | Found Ahook's Antique Weapon Boutique.
 24919 | Orc:2    | Found an ancient bone altar of Kikubaaqudgha.
 24941 | Orc:2    | Bought a potion of heal wounds for 85 gold pieces
 24941 | Orc:2    | Bought a potion of agility for 68 gold pieces
 24941 | Orc:2    | Bought a potion of curing for 51 gold pieces
 24949 | Orc:2    | Found a roughly hewn altar of Beogh.
 24949 | Orc:2    | Found Engit's Book Shop.
 25141 | Orc:2    | Received a gift from Okawaru
 25468 | D:14     | Noticed Josephine
 25478 | D:14     | Killed Josephine
 25621 | D:14     | Reached skill level 22 in Axes
 25906 | D:14     | Found a shadowy altar of Dithmenos.
 26110 | D:14     | Noticed Agnes
 26119 | D:14     | Killed Agnes
 26268 | D:15     | Entered Level 15 of the Dungeon
 26458 | D:15     | Noticed Rupert
 26487 | D:15     | Killed Rupert
 26487 | D:15     | Received a gift from Okawaru
 26487 | D:15     | Reached skill level 15 in Armour
 26864 | D:15     | Reached XP level 17. HP: 147/158 MP: 22/22
 27225 | D:15     | Noticed Louise
 27240 | D:15     | Killed Louise
 27402 | D:15     | Found a staircase to the Depths.
 27679 | Shoals:1 | Entered Level 1 of the Shoals
 27679 | Shoals:1 | Found Becrozin's Food Shoppe.
 27723 | Shoals:1 | Found Afrar's Antique Weapon Shop.
 27729 | Shoals:1 | Received a gift from Okawaru
 27761 | Shoals:1 | Reached skill level 23 in Axes
 28189 | Shoals:1 | Found Luc Hiju's Armour Boutique.
 28197 | Shoals:1 | Bought the +1 pair of gloves of Lesser Demons {rPois Int+2} for 398 gold pieces
 28699 | Shoals:2 | Noticed Roxanne
 28723 | Shoals:2 | Killed Roxanne
 28840 | Shoals:2 | Noticed Polyphemus
 28896 | Shoals:2 | Killed Polyphemus
 29588 | Shoals:3 | Noticed Ilsuiw
 29592 | Shoals:3 | Killed Ilsuiw
 29601 | Shoals:3 | Noticed Angani's ghost (adept HaIE)
 29895 | Shoals:3 | Killed Angani's ghost
 30748 | Shoals:4 | Entered Level 4 of the Shoals
 30800 | Shoals:4 | Received a gift from Okawaru
 31066 | Shoals:4 | Got a pair of spiked boots {god gift}
 31081 | Shoals:3 | Identified the +3 pair of boots of Okawaru's Supremacy {MR+ Dex+6} (Okawaru gifted it to you on level 4 of the Shoals)
 31578 | Shoals:4 | Reached XP level 18. HP: 140/168 MP: 23/23
 31664 | Shoals:4 | Reached skill level 24 in Axes
 31680 | Shoals:4 | Got a barnacled rune of Zot
 31758 | Shoals:4 | Noticed Shimatora's ghost (adept HOFi)
 31787 | Shoals:4 | Killed Shimatora's ghost
 32090 | Shoals:4 | Received a gift from Okawaru
 32445 | Shoals:4 | Got a twitching marble ring
 32819 | Lair:4   | Identified the ring "Ikki" {+Fly rF+ MR+ Int-4 Dex+6} (You took it off a merfolk javelineer on level 4 of the Shoals)
 32872 | Spider:1 | Entered Level 1 of the Spider Nest
 33775 | Spider:2 | Reached skill level 1 in Dodging
 34509 | Spider:2 | Received a gift from Okawaru
 34624 | Spider:3 | Received a gift from Okawaru
 35013 | Spider:4 | Entered Level 4 of the Spider Nest
 35138 | Spider:4 | Reached XP level 19. HP: 160/179 MP: 24/24
 35696 | Spider:4 | Received a gift from Okawaru
 35702 | Spider:4 | Reached skill level 5 in Dodging
 35934 | Spider:4 | Got a gossamer rune of Zot
 36373 | Vaults:1 | Entered Level 1 of the Vaults
 36462 | Vaults:1 | Found a ruined gateway.
 36526 | Desolati | Entered the Desolation of Salt
 36675 | Desolati | Identified Sif Muna's Papyrus of Boosting Orientation
 36677 | Desolati | Identified Qimacum's Tome of the Poisonous Escort
 36681 | Desolati | Learned a level 1 spell: Apportation
 36685 | Desolati | Learned a level 3 spell: Lesser Beckoning
 36694 | Desolati | Identified Kuigygar's Guide on Transmigration
 36703 | Desolati | Learned a level 6 spell: Statue Form
 36707 | Desolati | Learned a level 1 spell: Animate Skeleton
 36889 | Desolati | Reached skill level 1 in Translocations
 37010 | Desolati | Identified Vehumet's Disquisition on Arcane Weapons
 37032 | Desolati | Received a gift from Okawaru
 37287 | Desolati | Received a gift from Okawaru
 37299 | Desolati | Reached XP level 20. HP: 164/191 MP: 26/26
 37448 | Desolati | Identified Ageliwio's Catalogue of Mutagenic Air
 38868 | Vaults:1 | Reached skill level 10 in Invocations
 38870 | Vaults:1 | Received a gift from Okawaru
 39330 | Vaults:2 | Received a gift from Okawaru
 39540 | Vaults:2 | Reached skill level 5 in Translocations
 39808 | Vaults:2 | Noticed Jory
 39821 | Vaults:2 | Slain by Jory

Skill      XL: |  1  2  3  4  5  6  7  8  9 10 11 12 13 14 15 16 17 18 19 20 |
---------------+-------------------------------------------------------------+-----
Axes           | 3 4 5 7 8 10 12 13 15 17 18 20 21 22 23 24 | 24.6
Fighting       | 4 5 6 7 9 10 11 12 13 14 15 16 18 19 | 19.8
Armour         | 4 5 7 8 9 10 11 12 13 14 15 16 17 18 | 18.2
Invocations    | 2 6 8 10 | 10.8
Shields        | 5 7 8 10 11 12 13 14 | 14.3
Dodging        | 3 6 8 |  8.0
Translocations | 2 5 |  5.1

Action                   |  1- 3 |  4- 6 |  7- 9 | 10-12 | 13-15 | 16-18 | 19-21 || total
-------------------------+-------+-------+-------+-------+-------+-------+-------++-------
Melee: War axe           |   108 |   171 |   122 |   581 |   487 |       |       ||  1469
       Hand axe          |       |    61 |   242 |       |       |       |       ||   303
       Battleaxe         |       |       |       |       |   467 |  1413 |   803 ||  2683
Invok: Heroism           |       |       |       |     3 |    10 |    16 |    15 ||    44
       Finesse           |       |       |       |     1 |     3 |     1 |     4 ||     9
 Abil: Evoke Flight      |       |       |       |       |     1 |     1 |       ||     2
       Stop Flying       |       |       |       |       |     1 |       |       ||     1
       Evoke Invisibilit |       |       |       |       |     1 |       |       ||     1
Evoke: Wand              |       |       |       |       |     1 |     3 |       ||     4
  Use: Potion            |       |       |     1 |       |       |       |     2 ||     3
       Scroll            |       |       |     5 |    13 |    11 |    13 |     3 ||    45
 Stab: Petrified         |       |       |       |       |     8 |       |       ||     8
       Invisible         |       |       |       |       |     2 |       |       ||     2
       Held in net/web   |       |       |       |       |       |     1 |       ||     1
  Eat: Chunk             |       |    11 |    11 |    20 |    31 |    34 |    16 ||   123
       Fruit             |       |       |     4 |       |     3 |     3 |       ||    10
       Meat ration       |       |       |       |     1 |       |       |       ||     1
Armor: Scale mail        |    63 |   128 |   163 |    18 |       |       |       ||   372
       Plate armour      |       |       |       |   371 |    93 |       |       ||   464
       Ice dragon scales |       |       |       |       |   301 |   753 |   272 ||  1326
Dodge: Dodged            |    63 |   119 |   172 |   168 |   417 |  1131 |   624 ||  2694
Block: Other             |       |       |       |    20 |    17 |    84 |    40 ||   161
       Reflection        |       |       |       |     2 |     8 |     5 |     2 ||    17
       Shield            |       |       |       |       |   239 |       |       ||   239
